Unix NetHack Version 5.0.0-0 post-release - last build May  4 2026 22:22:43 (774f63e81ad911689b3a0859ea89b322d5daca8d,branch:main).

Game began 2026-05-04 13:32:25, ended 2026-05-05 05:01:33.

2932467751, lawful female dwarven Valkyrie

                         ---
                      ----..-----------
              ..--    .............)..-----------..--
              ...-    -............)...d..:.........---
              ....    ...............---------........--.
               ....+....................--   |..............-
               ..........................|   ---.............
               ...........................          -....---.
               -..|<....................^          ---...
                  |....----...............        |..|...
                  |....            -.^....        |......
                  ---..            |....%.        --^--.|
                                    --....         ---

2932467751 the Skirmisher   St:17 Dx:12 Co:19 In:9 Wi:8 Ch:9  Lawful
Dlvl:3  $:57 HP:0(54) Pw:1(1) AC:6  Xp:4 T:4530  Fainted  Deaf

Latest messages:
 The iguana bites!
 The iguana just misses!
 The iguana bites!
 The iguana bites!
 The iguana just misses!
 The iguana bites!
 You regain consciousness.
 You miss the iguana.
 You faint from lack of food.
 The iguana bites!
 The iguana bites!
 The iguana bites!
 The iguana bites!
 The iguana just misses!
 The iguana bites!
 The iguana bites!
 The iguana bites!
 The iguana bites!
 The iguana bites!
 The iguana bites!
 You regain consciousness.
 You miss the iguana.
 The iguana bites!
 You can hear again.
 You faint from lack of food.
 The iguana bites!
 The iguana bites!
 The iguana bites!
 The iguana bites!
 The iguana bites!
 The iguana bites!
 The iguana bites!
 The iguana bites!
 The iguana bites!
 You regain consciousness.
 You miss the iguana.
 The iguana misses!
 You can hear again.
 You faint from lack of food.
 The iguana bites!
 The iguana just misses!
 The iguana bites!
 The iguana bites!
 The iguana bites!
 You die...
 Do you want your possessions identified? [ynq] (y) y
 Do you want to see your attributes? [ynq] (y) y
 Do you want an account of creatures vanquished? [ynaq] (y) y
 Do you want to see your conduct and achievements? [ynq] (y) y
 Do you want to see the dungeon overview? [ynq] (y) y

Inventory:
 Coins    ('$')
  $ - 57 gold pieces
 Weapons  (')')
  p - a +0 sling
  k - 11 cursed +0 darts
  b - 2 +0 daggers (alternate weapons; not wielded)
  a - a +1 dwarvish spear (weapon in right hand)
  i - a cursed +0 orcish dagger
  e - a blessed +1 stiletto
  r - a +0 aklys
 Armor    ('[')
  n - an uncursed +0 orcish helm
  o - an uncursed +0 orcish helm
  c - an uncursed +3 small shield (being worn)
 Scrolls  ('?')
  m - an uncursed scroll of light
  j - an uncursed scroll of remove curse
 Rings    ('=')
  f - an uncursed ring of teleport control
 Tools    ('(')
  l - an uncursed unlocked chest containing 2 items
  h - an uncursed skeleton key
 Gems/Stones  ('*')
  d - an uncursed worthless piece of yellowish brown glass
  q - 13 uncursed rocks

Contents of the chest:
  an uncursed scroll of amnesia
  an uncursed scroll of enchant weapon

2932467751 the Valkyrie's attributes:

Background:
 You were a Skirmisher, a level 4 dwarven Valkyrie.
 You were lawful, nominally on a mission for Tyr
 who was opposed by Odin (neutral) and Loki (chaotic).
 You were right-handed.
 You were in the Gnomish Mines, on level 3.
 You entered the dungeon 4530 turns ago.
 It was nighttime.
 You had 91 experience points, 69 more were needed to attain level 5.

Basics:
 You had 0 out of 54 hit points.
 You had 1 out of 1 energy points (spell power).
 Your armor class was 6.
 Your wallet contained 57 zorkmids.
 Autopickup was off.

Final Characteristics:
 Your strength was 17 (base:18, limit:18/100).
 Your dexterity was 12 (limit:20).
 Your constitution was 19 (limit:20).
 Your intelligence was 9 (limit:16).
 Your wisdom was 8 (limit:16).
 Your charisma was 9 (limit:16).

Final Status:
 You were deaf.
 You were fainted due to starvation.
 You were unencumbered.
 You were wielding a spear.
 You had basic skill with spear.

Final Attributes:
 You were piously aligned.
 You were cold resistant.
 You had infravision.
 You were invisible.
 You were stealthy.
 You are dead.

Miscellaneous:
 You didn't encounter any bones levels.
 Total elapsed playing time was 3 hours and 52 seconds.

Major events:
 Turn
    1: 2932467751 the lawful dwarven Valkyrie entered the dungeon
 1260: attained the rank of Skirmisher (level 3)
 3829: entered the Gnomish Mines
 4530: killed by an iguana, while fainted from lack of food

You didn't know any spells.

Skills:
 Fighting Skills
   bare handed combat [Unskilled]
   two weapon combat  [Unskilled]
   riding             [Unskilled]
 Weapon Skills
   dagger             [Basic]
   axe                [Unskilled]
   pick-axe           [Unskilled]
   short sword        [Unskilled]
   broadsword         [Unskilled]
   long sword         [Unskilled]
   two-handed sword   [Unskilled]
   saber              [Unskilled]
   hammer             [Unskilled]
   quarterstaff       [Unskilled]
   polearms           [Unskilled]
   spear              [Basic]
   trident            [Unskilled]
   lance              [Unskilled]
   sling              [Unskilled]
 Spellcasting Skills
   attack spells      [Unskilled]
   escape spells      [Unskilled]

Voluntary challenges:
 Character rerolling was not enabled.
 You were an atheist.
 You were illiterate.
 You never genocided any monsters.
 You never polymorphed an object.
 You never changed form.
 You used no wishes.
Achievements:
 You attained the rank of Skirmisher.
 You entered the Gnomish Mines.

 The Dungeons of Doom: levels 1 to 4
    Level 1:
       An altar, a fountain.
    Level 2:
       Some fountains.
       Stairs down to The Gnomish Mines.
    Level 3:
       A fountain.
    Level 4:
       Some fountains.
 The Gnomish Mines:
    Level 3: <- You were here.
       Final resting place for
          you, killed by an iguana, while fainted from lack of food.


Vanquished creatures:
  a gas spore
  2 hobbits
  6 gnomes
  2 garter snakes
  a gecko
  9 jackals
  2 foxes
  2 kobolds
  2 goblins
  5 sewer rats
  a grid bug
 10 lichens
  3 kobold zombies
 11 newts
57 creatures vanquished.

No species were genocided or became extinct.

Game over:
                       ----------
                      /          \
                     /    REST    \
                    /      IN      \
                   /     PEACE      \
                  /                  \
                  |    2932467751    |
                  |      57 Au       |
                  |   killed by an   |
                  |      iguana      |
                  |                  |
                  |                  |
                  |       2026       |
                 *|     *  *  *      | *
        _________)/\\_//(\/(/\)/\//\/|_)_______

Farvel 2932467751 the Valkyrie...

You died in The Gnomish Mines on dungeon level 3 with 566 points,
and 57 pieces of gold, after 4530 moves.
You were level 4 with a maximum of 54 hit points when you died.

